 Dungeon Crawl Stone Soup version 0.32-a0-422-g28b100f618 (webtiles) character file.

Game seed: 7069572323766916822

108678 ragingrage the Mimic (level 16, -1/101 HPs)
             Began as a Kobold Delver on Feb 21, 2024.
             Was an Initiate of Gozag.
             Slain by Agnes
             ... wielding a +1 lajatang of speed
              (25 damage)
             ... on level 15 of the Dungeon.
             The game lasted 00:50:20 (33802 turns).

ragingrage the Mimic (Kobold Delver)               Turns: 33802, Time: 00:50:20

Health: -1/101     AC: 11    Str: 15    XL:     16   Next: 64%
Magic:  15/16      EV: 29    Int: 16    God:    Gozag
Gold:   6074       SH:  7    Dex: 27    Spells: 15/15 levels left

rFire   . . .        O - +1 short sword (distort)
rCold   . . .        N - +0 buckler {rPois}
rNeg    . . .        k - +2 robe {rF+}
rPois   +            o - +2 helmet
rElec   .            E - +0 cloak
rCorr   .            w - +1 pair of gloves {infuse}
SInv    +            r - +0 pair of boots {Stlth+}
Will    +....        y - amulet of the acrobat
Stlth   ++++++++     f - +6 ring of dexterity
HPRegen 0.36/turn    a - ring "Uffuoth" {rPois rF- Str+2 Int+5 SInv}
MPRegen 0.15/turn

%: acrobat, infuse magic (1 MP)
@: no status effects
A: small, no large weapons, nightstalker 3
}: 1/15 runes: abyssal
a: Renounce Religion, Potion Petition, Call Merchant, Bribe Branch


You were on level 15 of the Dungeon.
You worshipped Gozag.
Gozag was greatly pleased with you.
You visited 4 branches of the dungeon, and saw 23 of its levels.
You visited the Abyss 1 time.

You collected 7701 gold pieces.
You spent 669 gold pieces at shops.
You paid 958 gold pieces to Gozag.

Inventory:

Hand Weapons
 O - a +1 short sword of distortion (weapon)
 Y - the +8 mithril axe "Arga" {speed, Will+}
   (You found it on level 5 of the Lair of Beasts)

   Will+:     It increases your willpower.
Missiles
 z - 4 datura-tipped darts
 C - 47 poisoned darts (quivered)
 D - 2 curare-tipped darts
Armour
 k - a +2 robe of fire resistance (worn)
 o - a +2 helmet (worn)
 r - a +0 pair of boots of stealth (worn)
 w - a +1 pair of gloves of infusion (worn)
 E - a +0 cloak (worn)
 N - a +0 buckler of poison resistance (worn)
Jewellery
 a - the ring "Uffuoth" (right hand) {rPois rF- Str+2 Int+5 SInv}
   (You found it on level 9 of the Dungeon)

   [ring of poison resistance]

   Str+2:     It affects your strength (+2).
   Int+5:     It affects your intelligence (+5).
   rF-:       It makes you vulnerable to fire.
   rPois:     It protects you from poison SInv: It lets you see invisible.
 f - a +6 ring of dexterity (left hand)
 y - an amulet of the acrobat (around neck)
 V - a ring of ice
 Z - an amulet of guardian spirit
Wands
 g - a wand of digging (3)
 h - a wand of quicksilver (4)
 H - a wand of mindburst (19)
 J - a wand of paralysis (9)
 M - a wand of flame (22)
Scrolls
 c - 7 scrolls of fog
 d - a scroll of enchant weapon {unknown}
 e - 3 scrolls of fear
 l - 3 scrolls of immolation
 m - 2 scrolls of torment
 n - 4 scrolls of teleportation
 p - 2 scrolls of vulnerability
 q - 3 scrolls of amnesia
 t - 2 scrolls of summoning
 v - 4 scrolls of poison
 G - a scroll of blinking
 L - a scroll of revelation
 P - 3 scrolls of noise
 U - 2 scrolls of enchant armour
 X - 2 scrolls of silence
Potions
 b - 2 potions of enlightenment {unknown}
 i - 4 potions of ambrosia {unknown}
 j - 4 potions of heal wounds
 s - 8 potions of curing
 u - 2 potions of resistance {unknown}
 x - 2 potions of berserk rage {unknown}
 B - 3 potions of brilliance
 F - 2 potions of attraction {unknown}
 I - 4 potions of haste
 K - 4 potions of might
 Q - a potion of magic {unknown}
 R - 3 potions of degeneration {unknown}
 S - a potion of invisibility {unknown}
 T - 2 potions of mutation {unknown}
 W - 2 potions of lignification {unknown}


   Skills:
 - Level 12.0 Fighting
 - Level 14.0 Short Blades
 + Level 9.0 Axes
 - Level 14.0 Dodging
 - Level 14.0 Stealth
 - Level 3.6 Shields
 - Level 2.0 Evocations
 - Level 14.9 Shapeshifting


You had 15 spell levels left.
You didn't know any spells.
Your spell library contained the following spells:

 Spells                   Type           Power      Damage    Failure   Level
 Kiss of Death            Conj/Necr      0%         2d5       32%         1
 Magic Dart               Conj           0%         1d3       32%         1
 Sting                    Conj/Alch      0%         1d3       32%         1
 Blink                    Tloc           0%         N/A       45%         2
 Call Imp                 Summ           0%         N/A       45%         2
 Cigotuvi's Dreadful Rot  Necr/Alch/Air  0%         N/A       45%         2
 Mercury Vapours          Alch/Air       0%         N/A       45%         2
 Confusing Touch          Hex            0%         N/A       69%         3
 Ozocubu's Armour         Ice            0%         N/A       69%         3
 Stone Arrow              Conj/Erth      0%         3d7       69%         3
 Animate Armour           Summ/Erth      0%         N/A       97%         4
 Dispel Undead            Necr           0%         3d6       97%         4
 Ignite Poison            Fire/Alch      0%         N/A       97%         4
 Manifold Assault         Tloc           0%         N/A       97%         4
 Martyr's Knell           Necr/Summ      0%         N/A       97%         4
 Olgreb's Toxic Radiance  Alch           0%         N/A       97%         4
 Sticky Flame             Fire/Alch      0%         2d4       97%         4
 Summon Blazeheart Golem  Fire/Summ      0%         N/A       97%         4
 Alistair's Intoxication  Alch           0%         N/A       100%        5
 Borgnjor's Vile Clutch   Necr/Erth      0%         N/A       100%        5
 Metabolic Englaciation   Hex/Ice        0%         N/A       100%        5
 Conjure Ball Lightning   Conj/Air       0%         3x3d6     100%        6
 Death Channel            Necr           0%         N/A       100%        6
 Dispersal                Tloc           0%         N/A       100%        6
 Eringya's Noxious Bog    Alch           0%         4d6       100%        6
 Sculpt Simulacrum        Ice/Alch       0%         N/A       100%        6
 Haunt                    Necr/Summ      0%         N/A       100%        7
 Orb of Destruction       Conj           0%         9d5       100%        7
 Ozocubu's Refrigeration  Ice            0%         4d7       100%        7
 Spellforged Servitor     Conj/Summ      0%         N/A       100%        7
 Discord                  Hex            0%         N/A       100%        8
 Disjunction              Tloc           0%         N/A       100%        8
 Ignition                 Fire           0%         3d3       100%        8
 Infestation              Necr           0%         N/A       100%        8
 Lehudib's Crystal Spear  Conj/Erth      0%         10d2      100%        8
 Polar Vortex             Ice            0%         N/A       100%        9
 Animate Dead             Necr           Unusable   N/A       N/A         4

Dungeon Overview and Level Annotations

Branches:
Dungeon (15/15)            Temple (1/1) D:4            Lair (5/5) D:8
 Shoals (0/4) Lair:2        Snake (0/4) Lair:3        Slime (0/5) Lair:4
    Orc (2/2) D:12            Elf (0/3) Orc:2        Vaults (0/5) D:13
 Depths: D:15

Altars:
Ashenzari
Cheibriados
Dithmenos
Elyvilon
Fedhas
Gozag
Hepliaklqana
Kikubaaqudgha
Makhleb
Nemelex Xobeh
Okawaru
Qazlal
Ru
Sif Muna
Trog
Uskayaw
Vehumet
Wu Jian
Xom
Yredelemnul
Zin
The Shining One
Beogh
Jiyva

Shops:
D:3 [   Orc:2 [*=(

Portals:
Hell: Lair:5

Annotations:
D:3 exclusion: downstairs
D:14 exclusions: deep elf pyromancer, fire elemental and 2 hell hounds, Roxanne
D:15 Agnes
Lair:2 2 transporters
Abyss:1 Louise


Innate Abilities, Weirdness & Mutations

You are small and have problems with some larger weapons.
You are completely attuned to the shadows.


Message History

You barely miss Agnes. Agnes hits you but does no damage.
You barely miss Agnes.
Agnes hits you with a +1 lajatang of speed!
The centaur warrior completely misses you.
The centaur warrior kicks you but does no damage.
Agnes misses you.
You hit Agnes.
Space warps around Agnes.
The centaur warrior closely misses you.
The centaur warrior completely misses you.
You block Agnes's attack.
You hit Agnes.
Space warps around Agnes.
Your surroundings suddenly seem different.
You start resting.
Agnes is nearby!
You start resting.
Agnes is nearby!
You start resting.
Agnes the Wanderer opens the door.
She is wielding a +1 lajatang of speed and wearing a +2 robe of willpower.
You close the door.
Agnes opens the door.
You strike the helpless Agnes from behind!
You stick Agnes like a pincushion!!!
Space warps around Agnes.
Throw: throwing net
Press: ? - help, Shift-Dir - straight line, f/p - Agnes
Aim: Agnes, wielding a +1 lajatang of speed and wearing a +2 robe of willpower (severely wounded, 41% to hit)
You throw a throwing net. The throwing net closely misses Agnes.
You block Agnes's attack. x2
Agnes hits you with a +1 lajatang of speed!!
* * * LOW HITPOINT WARNING * * *
You hear a shout!
Throw: 3 darts (curare)
Press: ? - help, Shift-Dir - straight line, f/p - Agnes
Aim: Agnes, wielding a +1 lajatang of speed and wearing a +2 robe of willpower (severely wounded, 41% to hit)
You throw a curare-tipped dart.
The curare-tipped dart barely misses Agnes.
Agnes completely misses you.
Agnes hits you with a +1 lajatang of speed!!
You die...
Agnes says, "May you follow the Path of Peace in your next life."
Your body crumbles into a pile of gold.

####..
......# .
.......# ..
#.......#...
#......@i..(
#......##...
+[..........
.....####.##
...........
.....i...#
.......##.
......#.
...##.#.


You could see Agnes.

Vanquished Creatures
  A quicksilver dragon (Abyss:3)
  2 orc warlords (Orc:2)
  Azrael (D:14)
  2 ogre magi
  Fannar (Lair:1)
  3 hydras
  A centaur warrior (D:14)
  6 boulder beetles
  6 two-headed ogres
  A deep troll earth mage (D:14)
  4 death yaks
  4 tengu warriors
  An orc high priest (Orc:2)
  A skyshark (Lair:3)
  A sixfirhy (D:9)
  6 skeletal warriors
  An arcanist (D:13)
  A harpy (shapeshifter) (D:14)
  A deep elf zephyrmancer (D:13)
  4 deep elf pyromancers
  4 orc knights
  3 orc sorcerers
  2 manticores
  An ugly thing (D:15)
  2 cyclopes (D:14)
  9 elephants
  6 black mambas
  Maggie (D:7)
  9 cane toads
  A torpor snail (Lair:5)
  An orange demon (Lair:5)
  2 gargoyles (D:9)
  An unseen horror (D:10)
  6 rime drakes
  A tengu conjurer (D:14)
  3 ice devils
  2 red devils
  12 komodo dragons
  5 trolls
  A hellwing (D:9)
  2 polar bears (Lair:5)
  11 blink frogs
  4 dream sheep (Lair:5)
  4 slime creatures (D:14)
  Sigmund (D:4)
  A centaur simulacrum (D:15)
  2 wraiths
  2 vampires
  A water elemental (D:15)
  34 yaks
  4 wyverns
  6 starcursed masses (Abyss:3)
  A ynoxinul (D:9)
  2 fire elementals (D:13)
  A golden eye (Orc:1)
  A warg (Orc:2)
  2 steam dragons
  6 basilisks
  16 vampire mosquitoes
  18 water moccasins
  3 acid dragons
  9 hell hounds
  6 ice beasts
  26 orc warriors
  2 black bears (D:6)
  2 sky beasts
  16 ogres
  7 wolves
  9 centaurs
  6 phantoms
  4 kobold brigands
  2 gnoll sergeants (D:12)
  13 bullfrogs
  4 scorpions
  15 wights
  13 killer bees
  9 howler monkeys
  A bombardier beetle (D:5)
  5 hounds
  3 jellies
  2 sleepcaps
  A gnoll bouda (D:8)
  20 orc priests
  An iron imp (D:9)
  2 scrub nettles (Lair:2)
  Jessica (D:2)
  3 iguanas
  25 orc wizards
  Robin (D:3)
  14 gnolls
  6 adders
  6 white imps
  8 ufetubi
  6 dart slugs
  A ribbon worm (D:3)
  92 orcs
  6 bats
  7 endoplasms
  5 giant cockroaches
  11 goblins
  6 hobgoblins
  12 kobolds
  5 quokkas
  7 ball pythons
  5 frilled lizards
  4 rats (D:1)
651 creatures vanquished.

Vanquished Creatures (others)
  A manticore (D:15)
1 creature vanquished.

Grand Total: 652 creatures vanquished

Notes
Turn   | Place    | Note
-------+----------+-------------------------------------------
     0 | D:5      | ragingrage the Kobold Delver began the quest for the Orb.
     0 | D:5      | Reached XP level 1. HP: 14/14 MP: 1/1
    51 | D:4      | Noticed an iguana
   167 | D:2      | Reached XP level 2. HP: 19/19 MP: 2/2
   429 | D:1      | Reached XP level 3. HP: 23/23 MP: 3/3
   824 | D:1      | Reached skill level 5 in Short Blades
  1179 | D:1      | Reached XP level 4. HP: 28/28 MP: 4/4
  1686 | D:2      | Noticed Jessica
  1720 | D:2      | Killed Jessica
  1920 | D:2      | Reached XP level 5. HP: 32/32 MP: 5/5
  2534 | D:3      | Found Uppenist's Armour Boutique.
  2610 | D:3      | Noticed Robin
  3171 | D:3      | Killed Robin
  3194 | D:3      | Reached XP level 6. HP: 30/37 MP: 6/6
  3919 | D:4      | Found a staircase to the Ecumenical Temple.
  3919 | D:4      | Noticed a sky beast
  3923 | D:4      | Killed a sky beast
  3926 | Temple   | Entered the Ecumenical Temple
  3961 | Temple   | Became a worshipper of Gozag Ym Sagoz the Greedy
  4301 | D:5      | Reached XP level 7. HP: 42/43 MP: 7/7
  5181 | D:5      | Reached XP level 8. HP: 48/48 MP: 8/8
  5207 | D:5      | Reached skill level 10 in Short Blades
  5419 | D:5      | Found a stormy altar of Qazlal.
  5831 | D:6      | Reached skill level 5 in Dodging
  5864 | D:6      | Reached skill level 5 in Fighting
  6016 | D:6      | Reached XP level 9. HP: 54/54 MP: 9/9
  6310 | D:3      | Bought an orb of wrath for 143 gold pieces
  6310 | D:3      | Bought a +1 pair of gloves of infusion for 181 gold pieces
  6528 | D:4      | Reached skill level 10 in Stealth
  6863 | D:4      | Noticed Sigmund
  6867 | D:4      | Killed Sigmund
  7589 | D:6      | Reached skill level 10 in Dodging
  7801 | D:6      | Reached XP level 10. HP: 60/60 MP: 1/10
  7993 | D:7      | Reached skill level 1 in Evocations
  8418 | D:7      | Noticed Maggie
  8428 | D:7      | Killed Maggie
  9232 | D:8      | Found a staircase to the Lair.
  9559 | D:8      | Found a radiant altar of Vehumet.
 10015 | D:9      | Noticed a sixfirhy
 10208 | D:9      | Identified the ring "Uffuoth" {rPois rF- Str+2 Int+5 SInv}
 10245 | D:9      | Noticed a gargoyle
 10248 | D:9      | Killed a gargoyle
 10316 | D:9      | Reached XP level 11. HP: 68/68 MP: 9/11
 11542 | D:9      | Killed a sixfirhy
 12153 | D:10     | Entered Level 10 of the Dungeon
 12981 | D:10     | Noticed a death yak
 13005 | D:10     | Killed a death yak
 13227 | D:10     | Reached skill level 10 in Fighting
 13434 | D:11     | Noticed a boulder beetle
 13449 | D:11     | Killed a boulder beetle
 13450 | D:11     | Reached XP level 12. HP: 77/77 MP: 0/12
 13856 | Lair:1   | Entered Level 1 of the Lair of Beasts
 13889 | Lair:1   | Noticed Fannar
 13893 | Lair:1   | Killed Fannar
 13894 | Lair:1   | Reached skill level 1 in Shapeshifting
 14307 | Lair:1   | Noticed a death yak
 14307 | Lair:1   | Noticed a death yak
 14358 | Lair:1   | Noticed a death yak
 14367 | Lair:1   | Banished a death yak
 14376 | Lair:1   | Noticed a death yak
 14389 | Lair:1   | Banished a death yak
 14424 | Lair:1   | Banished a death yak
 15218 | Lair:1   | Banished a death yak
 15219 | Lair:1   | Reached XP level 13. HP: 74/85 MP: 10/13
 15493 | Lair:2   | Found a staircase to the Shoals.
 15515 | Lair:2   | Reached skill level 5 in Shapeshifting
 15689 | Lair:2   | Noticed a seven-headed hydra
 15708 | Lair:2   | Banished a seven-headed hydra
 15885 | Lair:2   | Found a transporter.
 16339 | Lair:2   | Found a transporter.
 16964 | Lair:3   | Found a staircase to the Snake Pit.
 18488 | Lair:4   | Reached XP level 14. HP: 92/92 MP: 12/14
 18833 | Lair:4   | Found a staircase to the Slime Pits.
 18837 | Lair:4   | Found a viscous altar of Jiyva.
 19405 | Lair:4   | Reached skill level 10 in Shapeshifting
 19623 | Lair:5   | Entered Level 5 of the Lair of Beasts
 20976 | Lair:5   | Noticed a dire elephant
 20980 | Lair:5   | Banished a dire elephant
 20989 | Lair:5   | Noticed a dire elephant
 21143 | Lair:5   | Identified the +7 war axe "Sigexti" {freeze, rC+ Str-2
                  | Dex+3 SInv}
 22176 | Lair:5   | Found a burning altar of Makhleb.
 22662 | Lair:5   | Found a gateway to Hell.
 22663 | Lair:5   | Found the +8 mithril axe "Arga" {speed, Will+}
 23119 | D:11     | Reached XP level 15. HP: 96/96 MP: 11/15
 23947 | D:12     | Found a staircase to the Orcish Mines.
 24696 | Orc:1    | Entered Level 1 of the Orcish Mines
 25088 | Orc:1    | Found a bloodstained altar of Trog.
 25463 | Orc:2    | Entered Level 2 of the Orcish Mines
 25994 | Orc:2    | Noticed Sonja
 25997 | Orc:2    | Sonja changed into Sonja the golden eye
 25997 | Orc:2    | Noticed Sonja
 26162 | Orc:1    | Killed Sonja the golden eye
 26279 | Orc:2    | Noticed an orc warlord
 26507 | Orc:2    | Killed an orc warlord
 26508 | Orc:2    | Reached skill level 1 in Axes
 26981 | Orc:2    | Found a staircase to the Elven Halls.
 27125 | Orc:2    | Noticed an orc warlord
 28351 | Orc:2    | Found a roughly hewn altar of Beogh.
 28380 | Orc:2    | Paralysed by an orc sorcerer for 3 turns
 28594 | Orc:2    | Killed an orc warlord
 28595 | Orc:2    | Reached skill level 5 in Axes
 28741 | Orc:2    | Found Buxoboco's General Store.
 28791 | Orc:2    | Bought a scroll of blinking for 90 gold pieces
 28883 | Orc:2    | Found Bashos's Antique Armour Shop.
 28914 | Orc:2    | Bought a pair of embroidered gloves for 255 gold pieces
 28945 | Orc:2    | Found Aces's Jewellery Shop.
 28966 | Orc:2    | Found Libbuet's Antique Weapon Shop.
 29243 | D:13     | Reached skill level 1 in Shields
 29484 | D:13     | Found a gate to the Vaults.
 30271 | D:13     | Found a glowing silver altar of Zin.
 30271 | D:13     | Noticed an angel
 30313 | D:14     | Noticed Azrael
 30493 | D:14     | Reached XP level 16. HP: 73/101 MP: 6/16
 31028 | D:14     | Identified the +1 scale mail of the Lion {rC+}
 31169 | D:15     | Entered Level 15 of the Dungeon
 31576 | D:14     | Noticed Louise
 31578 | Abyss:3  | Cast into level 3 of the Abyss (Louise)
 31781 | Abyss:3  | Got an abyssal rune of Zot
 31785 | Abyss:3  | Noticed a tentacled starspawn
 31790 | Abyss:3  | Noticed a tentacled starspawn
 31791 | Abyss:3  | Noticed a quicksilver dragon
 31797 | Abyss:3  | Killed a quicksilver dragon
 31854 | D:14     | Escaped the Abyss
 31867 | D:14     | Banished Louise
 32106 | D:14     | Noticed Roxanne
 32403 | D:14     | Killed Azrael
 33759 | D:15     | Noticed Agnes
 33802 | D:15     | Slain by Agnes

Illustrated notes

Levels and vault maps discovered:
D:1:      lightli_arrival_lavapool, layout_basic
D:2:      cheibrodos_pilgrimage, layout_basic, kennysheep_jessica_study
D:3:      layout_basic, serial_shops, nicolae_square_shop, uniq_robin,
          uniq_jessica
D:4:      layout_basic, minmay_temple_entry_fiery, minmay_stone_trees_medium,
          uniq_sigmund
D:5:      layout_basic, nicolae_qazlal_eye_of_the_storm, serial_aquarium,
          aquarium_bridge_square [aquarium_subvault_bridge,
          aquarium_subvault_wall, aquarium_subvault_bridge,
          aquarium_subvault_bridge], aquarium_bridge_long_separate
          [aquarium_subvault_bridge, aquarium_subvault_window,
          aquarium_subvault_bridge, aquarium_subvault_bridge,
          aquarium_subvault_window, aquarium_subvault_window],
          aquarium_window_fake, aquarium_window_1, aquarium_view_2b,
          aquarium_pool_S
D:6:      kennysheep_six_static_rooms, layout_loops_ring,
          kennysheep_generic_room_4
D:7:      layout_rooms, uniq_maggie
D:8:      layout_rooms, mainiacjoe_overflow_six_doors_small, lair_entry_dummy,
          nicolae_twisty_statue_hallways
D:9:      layout_long_grid, grunt_ministairs_7, nicolae_demonic_statue_gallery
D:10:     layout_rooms, serial_ice, serial_ice_n, serial_ice_h, serial_ice_e,
          serial_ice_g, serial_ice_m
D:11:     layout_irregular_city, portal_ice_cave_demonic_guard
D:12:     layout_basic, kennysheep_orc_monster_closet_entryway
D:13:     layout_loops_ring, david_vaults_1, zin_angel
D:14:     layout_rooms, uniq_louise, uniq_azrael, uniq_roxanne
D:15:     hellmonk_depths_entry_around_the_bend, layout_basic,
          minmay_misc_feat_secret_circle, uniq_agnes
Temple:   mainiacjoe_temple_big_plus
Lair:1:   layout_roguey, uniq_fannar
Lair:2:   gammafunk_cloud_chamber, layout_chaotic_city,
          minmay_shoals_entry_centaurs, evilmike_ambush
          [evilmike_ambush_outer_corners, evilmike_ambush_inner_basic]
Lair:3:   dreamdust_cave_troll, layout_long_grid,
          minmay_snake_entry_six_corridors
Lair:4:   layout_regular_city, slime_entry_1
Lair:5:   evil_forest, layout_cave_pods
Orc:1:    layout_caves, basic_altar
Orc:2:    grunt_orc_cross, layout_caves, uniq_sonja

Skill      XL: |  1  2  3  4  5  6  7  8  9 10 11 12 13 14 15 16 |
---------------+-------------------------------------------------+-----
Short Blades   | 3 4 5 6 7 9 10 11 14 | 14.0
Dodging        | 4 6 10 11 12 13 14 | 14.0
Stealth        | 7 9 10 12 14 | 14.0
Fighting       | 4 5 7 10 11 12 | 12.0
Evocations     | 2 |  2.0
Shapeshifting  | 4 9 13 14 | 14.9
Axes           | 6 9 |  9.0
Shields        | 2 3 |  3.6

Action                     |  1- 3 |  4- 6 |  7- 9 | 10-12 | 13-15 | 16-18 || total
---------------------------+-------+-------+-------+-------+-------+-------++-------
  Melee: Short sword       |    69 |   228 |   419 |   202 |  1180 |   316 ||  2414
         Rapier            |       |       |       |   451 |       |       ||   451
  Throw: Dart              |       |       |       |     1 |    11 |     1 ||    13
         Throwing net      |       |       |       |       |       |     6 ||     6
 Invoke: Potion Petition   |       |       |       |       |       |     2 ||     2
  Evoke: Wand              |       |       |       |       |     3 |     2 ||     5
    Use: Potion            |     1 |     2 |       |     1 |       |       ||     4
         Scroll            |     1 |     1 |     6 |     5 |       |     7 ||    20
   Stab: Sleeping          |    15 |    16 |    30 |    36 |    82 |     3 ||   182
         Distracted        |       |     2 |     1 |    10 |    15 |     4 ||    32
         Held in net/web   |       |       |       |       |       |     4 ||     4
         Paralysed         |       |       |       |       |       |     1 ||     1
 Armour: Leather armour    |    22 |     7 |       |       |    33 |       ||    62
         Robe              |       |    56 |    78 |   104 |   164 |    81 ||   483
         Steam dragon scal |       |       |       |    18 |       |       ||    18
  Dodge: Dodged            |    24 |   131 |   233 |   484 |   897 |   288 ||  2057
  Block: Buckler           |       |       |       |       |    34 |    67 ||   101

Table legend: (Time is in decaauts)
 A = Elapsed time spent in this place.
 B = Non-inter-level travel time spent in this place.
 C = Inter-level travel time spent in this place.
 D = Time resting spent in this place.
 E = Time spent auto-exploring this place.
 F = Levels seen in this place.
 G = Mean time per level.
                   A        B        C        D        E       F      G
               +--------+--------+--------+--------+--------+-----+--------+
         Total |  32900 |  31254 |   1646 |   7564 |  18040 |  24 | 1370.8 |
       Dungeon |  19793 |  18629 |   1164 |   4741 |  10518 |  15 | 1319.5 |
        Temple |     64 |      3 |     61 |      0 |      0 |   1 |   64.0 |
          Lair |   8607 |   8349 |    258 |   1438 |   5729 |   5 | 1721.4 |
  Orcish Mines |   4184 |   4023 |    161 |   1385 |   1793 |   2 | 2092.0 |
         Abyss |    251 |    251 |      0 |      0 |      0 |   1 |  251.0 |
               +--------+--------+--------+--------+--------+-----+--------+

Top non-repeatable levels by time:
   Orc:2: 3170 daAuts
  Lair:5: 2503 daAuts
    D:14: 2223 daAuts
     D:9: 2062 daAuts
    D:13: 1732 daAuts
  Lair:3: 1732 daAuts
  Lair:4: 1644 daAuts
     D:4: 1471 daAuts
     D:2: 1460 daAuts
     D:6: 1449 daAuts
  Lair:1: 1418 daAuts
     D:5: 1386 daAuts
    D:10: 1354 daAuts
  Lair:2: 1309 daAuts
    D:11: 1248 daAuts
